 Dungeon Crawl Stone Soup version 0.27-a0-1232-gc6a4cbde82 (webtiles) character file.

Game seed: 4758035403722489087

17 pokeman the Magician (level 2, -1/16 HPs)
             Began as a Deep Elf Hedge Wizard on June 8, 2021.
             Slain by a jackal (2 damage)
             ... on level 1 of the Dungeon.
             The game lasted 00:01:03 (586 turns).

pokeman the Magician (Deep Elf Hedge Wizard)         Turns: 586, Time: 00:01:03

Health: -1/16      AC:  2    Str:  7    XL:     2   Next: 44%
Magic:  3/9        EV: 12    Int: 18    God:
Gold:   0          SH:  0    Dex: 14    Spells: 9/10 levels left

rFire    . . .     SeeInvis .   e - +1 whip (venom)
rCold    . . .     Faith    .   (no shield)
rNeg     . . .     Spirit   .   b - +0 robe
rPois    .         Reflect  .   c - +0 hat
rElec    .         Harm     .   (no cloak)
rCorr    .         Rampage  .   (no gloves)
Will     .....                  (no boots)
Stlth    ++........             (no amulet)
HPRegen  0.05/turn              (no ring)
MPRegen  0.11/turn              (no ring)

@: no status effects
A: no striking features
a: no special abilities


You were on level 1 of the Dungeon.
You visited 1 branch of the dungeon, and saw 1 of its levels.

Inventory:

Hand Weapons
 e - a +1 whip of venom (weapon)
Missiles
 a - 17 bolts
Armour
 b - a +0 robe (worn)
 c - a +0 hat (worn)
Scrolls
 d - a scroll of teleportation {unknown}
Potions
 f - a potion of haste {unknown}


   Skills:
 + Level 0.5 Fighting
 + Level 0.5 Armour
 - Level 2.4 Dodging
 - Level 2.4 Stealth
 * Level 4.8 Spellcasting
 + Level 1.5 Conjurations
 - Level 1.1 Summonings
 - Level 1.1 Translocations


You had 9 spell levels left.
You knew the following spells:

 Your Spells              Type           Power      Damage    Failure   Level
a - Magic Dart            Conj           36%        1d4       7%          1

Your spell library contained the following spells:

 Spells                   Type           Power      Damage    Failure   Level
 Blink                    Tloc           N/A        N/A       13%         2
 Call Imp                 Summ           8%         N/A       13%         2
 Slow                     Hex            4%         N/A       21%         2
 Conjure Flame            Conj/Fire      7%         6-21      30%         3
 Mephitic Cloud           Conj/Pois/Air  6%         N/A       32%         3


Dungeon Overview and Level Annotations

Branches:
Dungeon (1/15)

Altars:


Message History

Aim: a rat (100% to hit)
The magic dart hits the rat.
The rat is moderately wounded.
A jackal comes into view.
The rat bites you.
The jackal moves out of view.
Casting: Magic Dart (safe; 8% risk of failure)
Confirm with . or Enter, or press ? or * to list all spells.
You don't have enough magic to cast this spell.
Unknown command.
Casting: Magic Dart (safe; 8% risk of failure)
Confirm with . or Enter, or press ? or * to list all spells.
You don't have enough magic to cast this spell.
Unknown command.
You barely miss the rat.
The rat is moderately wounded.
The rat misses you.
You closely miss the rat.
The rat is moderately wounded.
The rat bites you.
Your magical contamination has completely faded away.
You hit the rat.
You kill the rat!
There is an escape hatch in the floor here.
You start resting.
A jackal is nearby!
A rat and a jackal come into view.
The jackal barks!
The jackal bites you. x2
You hit the jackal.
The jackal is poisoned.
The jackal is moderately wounded.
The jackal bites you but does no damage.
The jackal bites you.
* * * LOW HITPOINT WARNING * * *
You kill the jackal!
The jackal bites you.
* * * LOW HITPOINT WARNING * * *
You hit the jackal.
The jackal is poisoned.
The jackal is heavily wounded.
The jackal bites you.
You die...

######≈♣.♣≈######.........#
#≈...≈#..............#
#≈...≈#.......#.######
#≈...≈#.......#.....#
#≈≈≈≈≈#.......#.....#
#########.......#.....#
.....####.....)#.....#
#.....))......#^....#
####....@.....#.#.....#
#.....##h##............
........r.......#.#.###
.####.#..##..##...#
#.....#..##...#
##.†#.....##..##
##....#...##..##.###
#..#................
##.##.##..##.[#######


You could see a jackal (very poisoned) and a rat.

Vanquished Creatures
  A ball python (D:1)
  An endoplasm (D:1)
  2 hobgoblins (D:1)
  A jackal (D:1)
  2 quokkas (D:1)
  A bat (D:1)
  2 frilled lizards (D:1)
  4 kobolds (D:1)
  2 rats (D:1)
16 creatures vanquished.

Notes
Turn   | Place    | Note
-------+----------+-------------------------------------------
     0 | D:1      | pokeman the Deep Elf Hedge Wizard began the quest for the
                  | Orb.
     0 | D:1      | Reached XP level 1. HP: 10/10 MP: 7/7
   233 | D:1      | Reached XP level 2. HP: 16/16 MP: 4/9
   586 | D:1      | Slain by a jackal

Illustrated notes

Levels and vault maps discovered:
D:1:      ebering_hopf_link, layout_rooms, ebering_ecumenical_altar_ruins,
          minmay_crystal_room, kennysheep_minor_cross

Action                   || total
-------------------------++-------
Melee: Whip              ||     5
 Cast: Magic Dart        ||    45
Armor: Robe              ||     3
Dodge: Dodged            ||     7

Table legend: (Time is in decaauts)
 A = Elapsed time spent in this place.
 B = Non-inter-level travel time spent in this place.
 C = Inter-level travel time spent in this place.
 D = Time resting spent in this place.
 E = Time spent auto-exploring this place.
 F = Levels seen in this place.
 G = Mean time per level.
                   A        B        C        D        E       F      G
               +--------+--------+--------+--------+--------+-----+--------+
         Total |    585 |    585 |      0 |     15 |    482 |   1 |  585.0 |
       Dungeon |    585 |    585 |      0 |     15 |    482 |   1 |  585.0 |
               +--------+--------+--------+--------+--------+-----+--------+

Top non-repeatable levels by time:
     D:1: 585 daAuts
